 Dungeon Crawl Stone Soup version 0.17.0-27-g4a3f43e (webtiles) character file.

127 septik the Magician (level 4, 0/24 HPs)
             Began as a Deep Elf Fire Elementalist on Nov 21, 2015.
             Slain by an ogre
             ... wielding a +0 giant club
              (17 damage)
             ... on level 3 of the Dungeon.
             The game lasted 00:04:19 (2321 turns).

septik the Magician (Deep Elf Fire Elementalist)    Turns: 2321, Time: 00:04:19

Health: 0/24       AC:  7    Str:  5    XL:     4   Next: 85%
Magic:  12/12      EV: 13    Int: 21    God:
Gold:   183        SH:  0    Dex: 15    Spells: 1 memorised, 10 levels left

rFire  . . .     SeeInvis .     h - +1 short sword (protect)
rCold  . . .     Clarity  .     a - +0 robe
rNeg   . . .     SustAt   .     (no shield)
rPois  .         Gourm    .     (no helmet)
rElec  .         Spirit   .     (no cloak)
rCorr  .         Warding  .     (no gloves)
rMut   .         Stasis   .     (no boots)
MR     .....                    (no amulet)
Stlth  ++........               (no ring)
                                (no ring)

@: not resistant to hostile enchantments, unstealthy
A: no striking features
a: no special abilities


You were on level 3 of the Dungeon.
You were very hungry.

You visited 1 branch of the dungeon, and saw 4 of its levels.

You collected 183 gold pieces.

Inventory:

Hand Weapons
 h - a +1 short sword of protection (weapon)
Missiles
 d - 94 stones (quivered)
Armour
 a - a +0 robe (worn)
Jewellery
 e - an uncursed ring of positive energy {unknown}
 s - an uncursed ring of sustain attributes {unknown}
Scrolls
 f - 3 scrolls of teleportation {unknown}
 j - 2 scrolls of remove curse {unknown}
 l - 2 scrolls of magic mapping {unknown}
 q - a scroll of enchant weapon {unknown}
 t - a scroll of recharging {unknown}
 v - 6 scrolls of identify {unknown}
 x - a scroll of blinking {unknown}
Potions
 g - a potion of agility {unknown}
 i - a potion of ambrosia {unknown}
 k - 3 potions of heal wounds {unknown}
 n - 3 potions of curing {unknown}
 o - a potion of might {unknown}
 p - a potion of brilliance {unknown}
 r - a potion of haste {unknown}
 u - a potion of flight {unknown}
 w - a potion of poison {unknown}
Books
 b - a book of Flames

   Spells                             Type                      Level
   a - Flame Tongue                   Conjuration/Fire             1
   b - Throw Flame                    Conjuration/Fire             2
   c - Conjure Flame                  Conjuration/Fire             3
   d - Inner Flame                    Hexes/Fire                   3
   e - Sticky Flame                   Conjuration/Fire             4
   f - Fireball                       Conjuration/Fire             5
Comestibles
 c - 4 bread rations
 m - a meat ration
 z - 3 fruits


   Skills:
 - Level 2.4 Dodging
 - Level 2.4 Stealth
 + Level 4.2 Spellcasting
 * Level 3.5 Conjurations
 + Level 4.2 Fire Magic


You had 10 spell levels left.
You knew the following spells:

 Your Spells              Type           Power        Failure   Level  Hunger
a - Flame Tongue          Conj/Fire      ###..        1%          1    None


Dungeon Overview and Level Annotations

Branches:
Dungeon (4/15)
 Temple: D:4-7

Altars:
Fedhas
Kikubaaqudgha
Qazlal

Annotations:
D:4 Dowan, Duvessa


Message History

Confirm with . or Enter, or press ? or * to list all spells.
Aiming: Flame Tongue
Press: ? - help, Shift-Dir - straight line, f/p - ogre
Aim: an ogre, wielding a giant club (moderately wounded)
The flame tongue hits the ogre.
The ogre is severely wounded.
There is an open door here.
There is an open door here.
Casting: Flame Tongue
Confirm with . or Enter, or press ? or * to list all spells.
Aiming: Flame Tongue
Press: ? - help, Shift-Dir - straight line, f/p - ogre
Aim: an ogre, wielding a giant club (severely wounded)
The flame tongue hits the ogre.
The ogre is almost dead.
There is an open door here.
There is an open door here.
The ogre hits you with a giant club!
Ouch! That really hurt!
You die...

#.....#.# ####.# ######'##
#.....#.## #.# #.# ......#..#
#.# #.# ....####'### #.# #.#
....#......# #.# ######## #.#
....#......# #.# #......# #.#
....#......#
#.###..[...###.#####
....#).....#
#.#.O......'........
...........#
#.#@#......###.####.
......####.#
#.#.#......##....<#. ......#
#.# #.#.#......##..####.
......#
#.###.#.#########.......
......# #..##.#.# #...####
###########.##.#.#########...#
#######......#.#........##...#
.............#.#........##...#
..#...#........#........##...#


You could see an ogre.

Vanquished Creatures
  A worker ant (D:4)
  6 adders
  An ooze (D:2)
  A worm (D:2)
  A giant gecko (D:3)
  An orc (D:3)
  6 giant cockroaches
  7 goblins
  3 hobgoblins
  A quokka (D:3)
  A ball python (D:3)
  2 bats
  A giant gecko skeleton (D:4)
  2 giant newts
  4 kobolds
  7 rats
45 creatures vanquished.

Notes
Turn   | Place    | Note
--------------------------------------------------------------
     0 | D:1      | septik the Deep Elf Fire Elementalist began the quest for the Orb.
     0 | D:1      | Reached XP level 1. HP: 10/10 MP: 6/6
   266 | D:1      | Reached XP level 2. HP: 15/15 MP: 5/8
   657 | D:2      | Found a blossoming altar of Fedhas.
   659 | D:2      | Found a stormy altar of Qazlal.
   972 | D:2      | Found a stormy altar of Qazlal.
   980 | D:2      | Reached XP level 3. HP: 19/19 MP: 7/10
  1415 | D:3      | Reached skill level 4 in Fire Magic
  1415 | D:3      | Reached XP level 4. HP: 20/24 MP: 7/11
  1734 | D:3      | Found an ancient bone altar of Kikubaaqudgha.
  2178 | D:4      | Noticed an ogre
  2183 | D:4      | Noticed Dowan
  2186 | D:4      | Noticed Duvessa
  2321 | D:3      | Slain by an ogre

Action                   |  1- 3 |  4- 6 || total
-------------------------+-------+-------++-------
Melee: Unarmed           |     1 |       ||     1
       Short sword       |     3 |     3 ||     6
 Cast: Flame Tongue      |    60 |    36 ||    96
  Eat: Chunk             |     1 |     2 ||     3
